 Dungeon Crawl Stone Soup version 0.30-a0-845-g7c6808c8ce (webtiles) character file.

Game seed: 15918254572852453232

4121 Jossarian the Destroyer (level 10, 0/66 HPs)
             Began as a Demonspawn Conjurer on Mar 3, 2023.
             Was a Priest of Vehumet.
             Slain by a boulder beetle (9 damage)
             ... on level 9 of the Dungeon.
             The game lasted 02:08:00 (11421 turns).

Jossarian the Destroyer (Demonspawn Conjurer)      Turns: 11421, Time: 02:08:00

Health: 0/66       AC:  4    Str:  7    XL:     10   Next: 6%
Magic:  15/21      EV: 12    Int: 29    God:    Vehumet [***...]
Gold:   335        SH:  0    Dex: 13    Spells: 4/24 levels left

rFire   . . .      SeeInvis +    d - staff of conjuration
rCold   . . .      Faith    .    (no shield)
rNeg    . . .      Spirit   .    p - +0 leather armour
rPois   .          Reflect  .    (helmet restricted)
rElec   .          Rampage  .    m - +0 cloak
rCorr   .                        (no gloves)
Will    .....                    (no boots)
Stlth   ++                       q - amulet of Oleod {RegenMP SInv}
HPRegen 0.31/turn                t - +6 ring of intelligence
MPRegen 0.57/turn                h - ring of wizardry

@: no status effects
A: antennae 1, claws 1, demonic guardian 2, weakness stinger 2
a: Renounce Religion


You were on level 9 of the Dungeon.
You worshipped Vehumet.
Vehumet was most pleased with you.
You visited 2 branches of the dungeon, and saw 10 of its levels.
You also visited: Ossuary.

You collected 545 gold pieces.
You spent 210 gold pieces at shops.

Inventory:

Hand Weapons
 c - a +3 short sword of venom
 e - a +3 quarterstaff of chaos
 i - a +1 dagger of draining
 w - a +0 arbalest
Missiles
 f - 53 stones
 s - 6 poisoned darts (quivered)
 y - 5 boomerangs
 I - 2 throwing nets
 K - 2 silver boomerangs
Armour
 a - a +0 robe
 m - a +0 cloak (worn)
 p - a +0 leather armour (worn)
 F - +0 acid dragon scales
Magical Staves
 d - a staff of conjuration (weapon)
 z - a staff of fire
Jewellery
 h - a ring of wizardry (right claw)
 k - a +6 ring of intelligence
 q - the amulet of Oleod (around neck) {RegenMP SInv}
   (You found it on level 5 of the Dungeon)

   [amulet of magic regeneration]

   It increases your rate of magic regeneration.
   SInv:      It lets you see invisible.
 t - a +6 ring of intelligence (left claw)
 D - a ring of resist corrosion
Wands
 J - a wand of charming (3)
Scrolls
 g - 3 scrolls of fog
 B - a scroll of teleportation
 C - a scroll of poison
Potions
 b - a potion of magic
 j - a potion of haste
 l - 2 potions of resistance
 n - 3 potions of might
 o - a potion of invisibility
 r - 13 potions of curing
 u - 2 potions of cancellation
 v - a potion of lignification
 x - 2 potions of brilliance
 A - a potion of flight {unknown}
 E - 2 potions of attraction {unknown}
 H - a potion of heal wounds {unknown}


   Skills:
 + Level 1.5 Fighting
 + Level 1.1 Staves
 + Level 2.1 Throwing
 + Level 3.0 Armour
 + Level 3.1 Dodging
 + Level 4.1 Stealth
 + Level 7.8 Spellcasting
 + Level 9.4 Conjurations
 + Level 2.6 Hexes
 + Level 2.9 Fire Magic
 + Level 0.4 Air Magic
 + Level 0.3 Poison Magic


You had 4 spell levels left.
You knew the following spells:

 Your Spells              Type           Power      Damage    Failure   Level
a - Magic Dart            Conj           100%       1d8       1%          1
b - Searing Ray           Conj           100%       2d8       1%          2
c - Sticky Flame          Conj/Fire      63%        2d8       1%          4
d - Fulminant Prism       Conj/Hex       31%        3d16      1%          4
e - Foxfire               Conj/Fire      100%       2x1d9     1%          1
f - Freeze                Ice            44%        1d6       1%          1
g - Scorch                Fire           56%        2d8       1%          2
h - Poisonous Vapours     Pois/Air       26%        N/A       1%          2
i - Mephitic Cloud        Conj/Pois/Air  46%        N/A       1%          3

Your spell library contained the following spells:

 Spells                   Type           Power      Damage    Failure   Level
 Dazzling Flash           Conj/Hex       100%       N/A       1%          3
 Hailstorm                Conj/Ice       55%        3d12      1%          3
 Ignite Poison            Fire/Tmut/Pois 17%        N/A       1%          3
 Iskenderun's Mystic Bla  Conj/Tloc      55%        2d12      1%          4
 Necrotise                Necr           44%        1d6       2%          1
 Sting                    Tmut/Pois      48%        1d5       2%          1
 Frozen Ramparts          Ice            22%        1d4       2%          3
 Portal Projectile        Hex/Tloc       38%        N/A       4%          3
 Olgreb's Toxic Radiance  Pois           13%        N/A       7%          4
 Call Canine Familiar     Summ           11%        N/A       9%          3
 Gell's Gravitas          Tloc           11%        N/A       9%          3
 Vampiric Draining        Necr           11%        2d6       9%          3
 Cause Fear               Hex            13%        N/A       9%          4
 Leda's Liquefaction      Hex/Erth       9%         N/A       16%         4
 Passage of Golubria      Tloc           11%        N/A       26%         4
 Agony                    Necr           11%        N/A       56%         5
 Ignition                 Fire           14%        3d6       100%        8


Dungeon Overview and Level Annotations

Branches:
Dungeon (9/15)             Temple (1/1) D:5         Ossuary (visited)
   Lair: D:8-11         Orc: D:9-12

Altars:
Ashenzari
Cheibriados
Dithmenos
Fedhas
Gozag
Hepliaklqana
Makhleb
Nemelex Xobeh
Okawaru
Qazlal
Ru
Sif Muna
Trog
Uskayaw
Vehumet
Wu Jian
Xom
Yredelemnul

Shops:
D:4 !

Annotations:
Temple 2 transporters


Innate Abilities, Weirdness & Mutations

You have a pair of small antennae on your head.
You have sharp fingernails.
A demonic guardian rushes to your aid.
You have a tail ending in a sharp stinger.


Message History

The searing ray hits the boulder beetle but does no damage.
Casting: Searing Ray (safe; 1% risk of failure)
Confirm with . or Enter, or press ? or * to list all spells.
Okay, then.
Casting: Searing Ray (safe; 1% risk of failure)
Confirm with . or Enter, or press ? or * to list all spells.
Aiming: Poisonous Vapours (safe; 1% risk of failure)
Press: ? - help, Dir - move target, f/p - boulder beetle
Aim: a boulder beetle (confused) Poisonous vapours surround the boulder beetle!
The boulder beetle is poisoned.
The boulder beetle seems less confused.
The boulder beetle leaps!
You start resting.
A boulder beetle is nearby!
Casting: Poisonous Vapours (safe; 1% risk of failure)
Confirm with . or Enter, or press ? or * to list all spells.
Aiming: Poisonous Vapours (safe; 1% risk of failure)
Press: ? - help, Dir - move target, f/p - boulder beetle
Aim: a boulder beetle (lightly wounded, poisoned) Poisonous vapours surround the boulder beetle!
The boulder beetle looks even sicker.
The boulder beetle curls into a ball and begins rolling!
There is an open door here.
There is a stone staircase leading up here.
The boulder beetle hits you!!!
Ouch! That really hurt!
* * * LOW HITPOINT WARNING * * *
A demonic guardian appears!
The boulder beetle stops rolling and uncurls.
You hear a shout! x2
You climb upwards.
There is a stone staircase leading down here.
The boulder beetle bites you!
* * * LOW HITPOINT WARNING * * *
You climb downwards.
Your rust devil disappears in a puff of smoke!
There is a stone staircase leading up, spattered with blood here.
You feel better.
The boulder beetle looks more healthy.
The boulder beetle bites you!
You die...

#..................
#................#
#................#
#................##..
#.####.........>.....
#.####.######'#######
#......'............+
#.....○#.§§§........#
#.....{#..@.........#
#......#..B....##...#
#.####B######### ...#
#.# #°# ... #.# #°#
.. #.####.# #.....○#
#.....○# #......#


You could see a boulder beetle.

Vanquished Creatures
  Grinder (D:3)
  4 yaks (D:8)
  A wyvern (D:8)
  A steam dragon (D:5)
  An acid dragon (D:8)
  Duvessa (D:5)
  2 orc warriors
  4 sky beasts
  An ice beast (D:8)
  A black bear (D:4)
  2 ogres
  2 centaurs
  A phantom (D:3)
  2 elf zombies (Ossuary)
  2 bullfrogs
  A gnoll sergeant (D:7)
  5 wights (D:6)
  Dowan (D:5)
  2 howler monkeys
  3 human zombies (Ossuary)
  5 hounds
  2 gnoll boudas
  An orc priest (D:8)
  A sleepcap (D:7)
  4 iguanas
  An orc wizard (D:5)
  A hound zombie (Ossuary)
  3 mummies (Ossuary)
  Robin (D:2)
  8 gnolls
  7 adders
  2 river rats (D:4)
  A white imp (D:5)
  7 ufetubi
  2 adder zombies (Ossuary)
  A worm (D:4)
  2 dart slugs
  27 orcs
  7 endoplasms
  2 giant cockroaches
  13 goblins
  7 hobgoblins
  3 jackals (D:3)
  3 quokkas
  3 ball pythons
  6 bats
  2 frilled lizards (D:1)
  2 gnoll zombies (Ossuary)
  2 goblin zombies (Ossuary)
  6 hobgoblin zombies (Ossuary)
  6 jackal zombies (Ossuary)
  4 kobolds
  3 kobold zombies (Ossuary)
  An orc zombie (Ossuary)
  3 quokka zombies (Ossuary)
  5 rats
  3 rat zombies (Ossuary)
195 creatures vanquished.

Vanquished Creatures (collateral kills)
  A vampire mosquito (D:6)
  Crazy Yiuf (D:2)
2 creatures vanquished.

Vanquished Creatures (others)
  25 foxfires
  51 fulminant prisms
76 creatures vanquished.

Grand Total: 273 creatures vanquished

Notes
Turn   | Place    | Note
-------+----------+-------------------------------------------
     0 | D:1      | Jossarian the Demonspawn Conjurer began the quest for the
                  | Orb.
     0 | D:1      | Reached XP level 1. HP: 13/13 MP: 3/3
   471 | D:1      | Gained mutation: A weak demonic guardian rushes to your
                  | aid. [demonic ancestry]
   471 | D:1      | Reached XP level 2. HP: 19/19 MP: 3/5
   543 | D:1      | Learned a level 2 spell: Searing Ray
  1247 | D:1      | Identified a scroll of acquirement
  1247 | D:1      | Acquired a staff of conjuration
  1433 | D:2      | Gained mutation: A demonic guardian rushes to your aid.
                  | [demonic ancestry]
  1433 | D:2      | Reached XP level 3. HP: 24/24 MP: 0/6
  1657 | D:2      | Noticed Robin
  1694 | D:2      | Killed Robin
  1695 | D:2      | Reached skill level 5 in Conjurations
  1926 | D:2      | Acquired an Everburning Encyclopedia
  1934 | D:2      | Found a faded altar of an unknown god.
  2024 | D:2      | Discovered your monstrous ancestry.
  2024 | D:2      | Gained mutation: You have sharp fingernails. [demonic
                  | ancestry]
  2024 | D:2      | Reached XP level 4. HP: 30/30 MP: 5/7
  2080 | D:2      | Found a runed translucent door.
  2081 | D:2      | Noticed Crazy Yiuf
  2207 | D:2      | Learned a level 4 spell: Sticky Flame
  2518 | D:2      | Killed Crazy Yiuf
  2947 | D:3      | Noticed Grinder
  2947 | D:3      | Paralysed by Grinder for 2 turns
  2972 | D:3      | Killed Grinder
  2973 | D:3      | Reached skill level 6 in Conjurations
  2973 | D:3      | Reached XP level 5. HP: 25/35 MP: 0/9
  2973 | D:3      | Reached XP level 6. HP: 29/41 MP: 0/10
  3080 | D:3      | Found a hazy altar of Hepliaklqana.
  3080 | D:3      | Found a stormy altar of Qazlal.
  3948 | D:4      | Found Busuzi's Distillery.
  3960 | D:4      | Bought 2 potions of curing for 60 gold pieces
  3960 | D:4      | Bought a potion of curing for 30 gold pieces
  3960 | D:4      | Bought a potion of curing for 30 gold pieces
  3960 | D:4      | Bought a potion of curing for 30 gold pieces
  3960 | D:4      | Bought a potion of curing for 30 gold pieces
  3960 | D:4      | Bought a potion of curing for 30 gold pieces
  4041 | D:4      | Gained mutation: You have a small tail. [demonic ancestry]
  4041 | D:4      | Reached XP level 7. HP: 46/46 MP: 7/13
  4302 | D:4      | Identified the +1 pair of gloves of Joy {rPois rN++ rCorr
                  | Int-4}
  4648 | D:4      | Reached skill level 7 in Conjurations
  4992 | D:5      | Entered Level 5 of the Dungeon
  5020 | D:5      | Found a staircase to the Ecumenical Temple.
  5029 | Temple   | Entered the Ecumenical Temple
  5029 | Temple   | Found a transporter.
  5029 | Temple   | Found a transporter.
  5031 | Temple   | Found a transporter.
  5031 | Temple   | Found a transporter.
  5046 | Temple   | Became a worshipper of Vehumet
  5104 | D:5      | Reached skill level 1 in Staves
  5193 | D:5      | Got the Encyclopedia of Blinking Guile
  5336 | D:5      | Learned a level 4 spell: Fulminant Prism
  5390 | D:5      | Noticed a steam dragon
  5503 | D:5      | Reached skill level 1 in Fire Magic
  5567 | D:5      | Identified the amulet of Oleod {RegenMP SInv}
  5699 | D:5      | Noticed Dowan
  5726 | D:5      | Noticed Duvessa
  5729 | D:5      | Killed Dowan
  5737 | D:5      | Killed Duvessa
  6187 | D:5      | Killed a steam dragon
  6188 | D:5      | Reached skill level 1 in Throwing
  6188 | D:5      | Reached XP level 8. HP: 53/53 MP: 10/15
  6415 | D:6      | Reached skill level 5 in Spellcasting
  6629 | D:6      | Reached * piety under Vehumet
  6629 | D:6      | Offered knowledge of Foxfire by Vehumet.
  6632 | D:6      | Learned a level 1 spell: Foxfire
  6634 | D:6      | Learned a level 1 spell: Freeze
  6684 | D:6      | Reached skill level 8 in Conjurations
  6710 | D:6      | Reached skill level 1 in Fighting
  7007 | D:6      | Reached skill level 1 in Armour
  7760 | D:7      | Gained mutation: You have a pair of small antennae on your
                  | head. [demonic ancestry]
  7760 | D:7      | Reached XP level 9. HP: 35/59 MP: 16/18
  7960 | D:7      | Reached skill level 1 in Hexes
  8237 | D:7      | Reached ** piety under Vehumet
  8237 | D:7      | Offered knowledge of Scorch by Vehumet.
  8346 | D:7      | Learned a level 2 spell: Scorch
  8349 | D:7      | Learned a level 2 spell: Poisonous Vapours
  8975 | D:8      | Reached skill level 9 in Conjurations
  9314 | D:8      | Found a sand-covered staircase.
  9318 | Ossuary  | Entered an ossuary
  9544 | Ossuary  | Offered knowledge of Mephitic Cloud by Vehumet.
  9554 | Ossuary  | Learned a level 3 spell: Mephitic Cloud
  9756 | Ossuary  | Reached *** piety under Vehumet
  9849 | D:8      | Gained mutation: You have a tail ending in a sharp stinger.
                  | [demonic ancestry]
  9849 | D:8      | Reached XP level 10. HP: 17/66 MP: 8/21
 11219 | D:9      | Noticed a boulder beetle
 11419 | D:8      | HP: 3/66 [boulder beetle (16)]
 11421 | D:9      | Slain by a boulder beetle

Illustrated notes

Levels and vault maps discovered:
D:1:      minmay_arrival_up_and_down, layout_loops_corners
D:2:      layout_basic, ebering_ecumenical_altar_box, serial_aquarium,
          aquarium_bridge_long_joined [aquarium_subvault_wall,
          aquarium_subvault_bridge, aquarium_subvault_balcony,
          aquarium_subvault_balcony, aquarium_subvault_window,
          aquarium_subvault_bridge], aquarium_window_fake,
          aquarium_window_corner, aquarium_window_corner, aquarium_view_2c,
          aquarium_view_2d, hex_tiny, minmay_misc_feat_rows, uniq_robin,
          uniq_crazy_yiuf_cottage
D:3:      layout_basic, nicolae_overflow_two_pavilions,
          kennysheep_generic_room_14, uniq_grinder
D:4:      layout_cave_pools, lightli_sewer_entry_pipes, serial_shops,
          nicolae_shop_hallway_stairs, roderic_lattice_a, st_stairs_12,
          chequers_garden, minmay_fractal_squares_gapless_5
D:5:      layout_basic, minmay_temple_entry_ruins, uniq_duvessa
D:6:      minmay_chambers_of_fours, layout_loops_ring, corner_web_ring,
          minmay_strange_pillars
D:7:      layout_loops_ring
D:8:      layout_basic, nicolae_ossuary_entry_plus, kennysheep_generic_room_12
D:9:      minmay_the_grid_3x2 [minmay_the_grid_pillar_ring,
          minmay_the_grid_gridbox, minmay_the_grid_paths, minmay_the_grid_empty,
          minmay_the_grid_eight, minmay_the_grid_prize_trominoes],
          layout_stronghold, dpeg_oklobed_lair
Temple:   hellmonk_temple_divided_pantheon

Skill      XL: |  1  2  3  4  5  6  7  8  9 |
---------------+----------------------------+-----
Conjurations   | 5 6 7 8 9 |  9.4
Stealth        | 2 3 4 |  4.1
Dodging        | 2 3 |  3.1
Spellcasting   | 3 4 6 7 |  7.8
Staves         | 1 |  1.1
Fire Magic     | 1 2 |  2.9
Throwing       | 1 2 |  2.1
Fighting       | 1 |  1.5
Armour         | 1 3 |  3.0
Hexes          | 2 |  2.6
Air Magic      | |  0.4
Poison Magic   | |  0.3

Action                     |  1- 3 |  4- 6 |  7- 9 | 10-12 || total
---------------------------+-------+-------+-------+-------++-------
  Melee: Staff             |     2 |       |       |       ||     2
  Throw: Stone             |     3 |     1 |       |       ||     4
         Dart              |       |     3 |    10 |       ||    13
   Cast: Magic Dart        |    47 |    33 |    54 |     3 ||   137
         Searing Ray       |     3 |    11 |    62 |     3 ||    79
         Sticky Flame      |       |     2 |    16 |     2 ||    20
         Fulminant Prism   |       |       |    43 |     8 ||    51
         Foxfire           |       |       |    13 |     1 ||    14
         Poisonous Vapours |       |       |     6 |     7 ||    13
         Scorch            |       |       |     2 |       ||     2
         Freeze            |       |       |     1 |       ||     1
         Mephitic Cloud    |       |       |       |     4 ||     4
    Use: Scroll            |     8 |     5 |     5 |     2 ||    20
         Potion            |       |     2 |       |     1 ||     3
 Armour: Robe              |     3 |     6 |     2 |       ||    11
         Leather armour    |       |       |     9 |       ||     9
  Dodge: Dodged            |     7 |    10 |    34 |     3 ||    54

Table legend: (Time is in decaauts)
 A = Elapsed time spent in this place.
 B = Non-inter-level travel time spent in this place.
 C = Inter-level travel time spent in this place.
 D = Time resting spent in this place.
 E = Time spent auto-exploring this place.
 F = Levels seen in this place.
 G = Mean time per level.
                   A        B        C        D        E       F      G
               +--------+--------+--------+--------+--------+-----+--------+
         Total |  11443 |   5545 |   5898 |   3247 |      0 |  11 | 1040.3 |
       Dungeon |  10867 |   5025 |   5842 |   3155 |      0 |   9 | 1207.4 |
        Temple |     63 |      7 |     56 |      0 |      0 |   1 |   63.0 |
       Ossuary |    511 |    511 |      0 |     92 |      0 |   1 |  511.0 |
               +--------+--------+--------+--------+--------+-----+--------+

Top non-repeatable levels by time:
     D:8: 2029 daAuts
     D:2: 1450 daAuts
     D:6: 1385 daAuts
     D:4: 1199 daAuts
     D:7: 1185 daAuts
     D:1: 1184 daAuts
     D:3: 1180 daAuts
     D:5: 1164 daAuts
 Ossuary: 511 daAuts
     D:9: 88 daAuts
  Temple: 63 daAuts
